Map: Lerilak Crest

Players

Bop - Winner!

  • Race: Protoss Protoss

ElDuderino

  • Race: Zerg Zerg

VOD

Have the link to the VOD?

Description

Time

  • Played on: May 1, 2015, 5:51 p.m.
  • Length: 7:01
Show
View Real Time Build Order
Export as new Build Order

Bop Protoss - Winner!

Build Orders:  

Get SALT Encoding   

  12  0:00  Probe  
  14  0:20  Probe, Pylon  
  14  0:38  Probe (Chrono Boost)  
  15  0:49  Probe (Chrono Boost)  
  16  0:55  Probe (Chrono Boost)  
  17  1:06  Nexus  
  17  1:07  Probe  
  18  1:19  Probe (Chrono Boost), Pylon  
  19  1:30  Probe (Chrono Boost)  
  19  1:32  Gateway  
  20  1:37  Assimilator  
  20  1:43  Probe (Chrono Boost)  
  21  1:47  Assimilator  
  22  1:55  Probe (Chrono Boost), Gateway  
  22  2:02  Probe  
  23  2:14  Probe  
  24  2:20  Cybernetics Core  
  24  2:24  Pylon  
  24  2:27  Probe (Chrono Boost)  
  25  2:32  Probe (Chrono Boost)  
  26  2:44  Probe x2 (Chrono Boost)  
  29  2:54  Gateway  
  29  3:02  Warp Gate (Chrono Boost)  
  29  3:04  Adept (Chrono Boost)  
  29  3:07  Adept (Chrono Boost)  
  29  3:12  Probe x2  
  33  3:24  Probe, Pylon  
  36  3:31  Zealot (Chrono Boost)  
  36  3:32  Twilight Council  
  36  3:34  Adept (Chrono Boost)  
  36  3:38  Probe (Chrono Boost)  
  40  3:43  Probe (Chrono Boost)  
  40  3:46  Sentry (Chrono Boost)  
  43  3:49  Probe (Chrono Boost)  
  43  3:51  Probe (Chrono Boost)  
  45  3:59  Mothership Core (Chrono Boost), Probe (Chrono Boost)  
  45  4:02  Assimilator x2  
  47  4:07  Probe  
  48  4:16  Probe  
  47  4:30  Probe x2  
  49  4:44  Gateway x2  
  49  4:46  Gateway  
  47  4:56  Pylon  
  47  4:57  Pylon  
  47  5:00  Adept x3  
  47  5:02  Shield Upgrade (Chrono Boost)  
  47  5:03  Probe x2  
  55  5:15  Probe x2  
  55  5:16  Gateway  
  55  5:17  Gateway  
  55  5:30  Gateway  
  55  5:31  Pylon  
  55  5:32  Gateway  
  55  5:41  Adept x3  
  55  5:42  Adept x3  
  67  5:47  Pylon  
  67  5:52  Robotics Facility  
  67  6:02  Forge  
  67  6:06  Adept x3  
  67  6:08  Sentry  
  67  6:10  Sentry  
  77  6:35  Adept x6  
  89  6:51  Stargate  
  89  6:53  Stargate  
Show
View Real Time Build Order
Export as new Build Order

ElDuderino Zerg 

Build Orders: Hatch First 

Get SALT Encoding   

  12  0:02  Drone  
  13  0:14  Drone  
  14  0:23  Extractor x2  
  14  0:24  Drone x2  
  14  0:27  Overlord  
  16  0:57  Hatchery  
  15  1:04  Drone x2  
  15  1:05  Drone  
  18  1:19  Spawning Pool  
  18  1:22  Drone  
  18  1:31  Drone  
  19  1:36  Extractor  
  18  1:47  Drone  
  18  1:50  Overlord  
  19  2:07  Zergling x2  
  20  2:10  Zergling x2  
  20  2:11  Zergling x2  
  20  2:12  Queen x2  
  26  2:41  Drone x4  
  30  2:47  Queen x2  
  34  3:07  Drone  
  34  3:08  Drone  
  34  3:12  Overlord x3  
  36  3:13  Overlord  
  36  3:34  Drone x4  
  40  3:41  Metabolic Boost, Extractor  
  40  3:47  Roach Warren  
  38  4:00  Hatchery  
  36  4:19  Zergling x6  
  36  4:22  Drone  
  36  4:23  Drone x5  
  43  4:49  Lair  
  43  4:52  Drone x2  
  45  4:53  Drone x6  
  51  5:10  Extractor x2  
  48  5:22  Evolution Chamber x2  
  46  5:32  Drone x7  
  46  5:33  Drone x9  
  62  5:51  Extractor  
  62  5:53  Extractor  
  62  5:55  Hydralisk Den  
  59  5:57  Overlord x3  
  59  5:58  Overlord x2  
  59  5:59  Drone x3  
  62  6:12  Roach  
  64  6:19  Roach  
  64  6:20  Roach x2  
  60  6:34  Roach  
  60  6:35  Roach  
  53  6:40  Roach x2  
Tags
 
Add a new tag
Caveats
  • Supply blocks, unpowered buildings, or Contaminate may cause inaccurate times.
  • Supply counts are checked every 10 seconds.